 Dungeon Crawl Stone Soup version 0.21-a0-184-g9126a74 (webtiles) character file.

36515 manabove the Severer (level 13, -2/124 HPs)
             Began as a Hill Orc Monk on Aug 11, 2017.
             Was the Champion of Beogh.
             Slain by a 12-headed hydra (8 damage)
             ... on level 6 of the Lair of Beasts.
             The game lasted 00:38:27 (22377 turns).

manabove the Severer (Hill Orc Monk)               Turns: 22377, Time: 00:38:27

Health: -2/124     AC: 17    Str: 19    XL:     13   Next: 90%
Magic:  16/17      EV: 12    Int: 10    God:    Beogh [******]
Gold:   1313       SH:  0    Dex: 15    Spells: 12/12 levels left

rFire    + . .     SeeInvis .   V - +3 battleaxe (vamp)
rCold    . . .     Gourm    .   (shield currently unavailable)
rNeg     . . .     Faith    .   y - +5 ring mail of the Secret Spirits {rF+}
rPois    .         Spirit   .   d - +1 helmet
rElec    .         Reflect  .   l - +0 cloak
rCorr    .         Harm     .   (no gloves)
MR       .....                  a - +0 pair of boots (curse)
Stlth    ++........             k - amulet of rage
HPRegen  0.30/turn              C - +2 ring of strength
MPRegen  0.15/turn              N - ring of stealth

@: no status effects
A: walk on water
a: Smiting, Recall Orcish Followers, Give Item to Named Follower, Resurrection,
Renounce Religion, Evoke Berserk Rage


You were on level 6 of the Lair of Beasts.
You worshipped Beogh.
Beogh was exalted by your worship.
You were not hungry.

You visited 2 branches of the dungeon, and saw 16 of its levels.

You collected 1313 gold pieces.

Inventory:

Hand Weapons
 s - a +2 battleaxe of venom
 V - a +3 vampiric battleaxe (weapon)
Missiles
 e - 383 stones
 h - 19 javelins (quivered)
Armour
 a - a cursed +0 pair of boots (worn)
 c - a +0 crystal plate armour
 d - a +1 helmet (worn)
 l - a +0 cloak (worn)
 q - +0 fire dragon scales
 y - the +5 ring mail of the Secret Spirits (worn) {rF+}
   (You found it on level 4 of the Dungeon)

   It protects you from fire.
Jewellery
 f - a cursed -2 ring of intelligence
 j - a +3 ring of protection
 k - an amulet of rage (around neck)
 n - an uncursed amulet of magic regeneration
 C - a +2 ring of strength (left hand)
 E - a cursed -2 ring of strength
 J - an uncursed ring of protection from cold
 N - a ring of stealth (right hand)
 Y - an uncursed amulet of faith {unknown}
Wands
 H - a wand of flame (48/48)
 I - a wand of lightning (2/15)
 K - a wand of iceblast (5/15)
 S - a wand of clouds (5/9)
 U - a wand of paralysis (10/24)
 W - a wand of iceblast (10/15)
Scrolls
 g - a scroll of brand weapon {unknown}
 m - 3 scrolls of identify
 p - a scroll of enchant weapon
 r - 4 scrolls of magic mapping
 z - 5 scrolls of remove curse
 A - 4 scrolls of teleportation
 B - a scroll of blinking
 P - 2 scrolls of amnesia
 X - a scroll of recharging
Potions
 x - a potion of agility
 D - a potion of haste
 F - 2 potions of flight
 G - 2 potions of heal wounds
 L - a potion of might {unknown}
 O - 2 potions of lignification
 T - 2 potions of mutation
Books
 o - a book of Maledictions

   Spells                             Type                      Level
   a - Corona                         Hexes                        1
   b - Ensorcelled Hibernation        Hexes/Ice                    2
   c - Confuse                        Hexes                        3
   d - Tukima's Dance                 Hexes                        3
   e - Dazzling Spray                 Conjuration/Hexes            3
 t - a book of Necromancy

   Spells                             Type                      Level
   a - Pain                           Necromancy                   1
   b - Animate Skeleton               Necromancy                   1
   c - Vampiric Draining              Necromancy                   3
   d - Regeneration                   Charms/Necromancy            3
   e - Animate Dead                   Necromancy                   4
   f - Control Undead                 Necromancy                   4
 Z - a book of Unlife

   Spells                             Type                      Level
   a - Recall                         Summoning/Translocation      3
   b - Animate Dead                   Necromancy                   4
   c - Control Undead                 Necromancy                   4
   d - Cigotuvi's Embrace             Necromancy                   5
   e - Death Channel                  Necromancy                   6
   f - Simulacrum                     Ice/Necromancy               6
Miscellaneous
 Q - a phantom mirror
 R - a lightning rod (4/4)
Comestibles
 i - 17 fruits
 v - 8 meat rations
 M - 2 royal jellies


   Skills:
 + Level 14.2 Fighting
 * Level 20.4 Axes
 + Level 10.7 Armour
 - Level 2.4 Dodging
 - Level 1.5 Stealth
 - Level 6.0 Invocations


You had 12 spell levels left.
You didn't know any spells.

Dungeon Overview and Level Annotations

Branches:
Dungeon (10/15)            Temple (0/1) D:4            Lair (6/6) D:10
  Swamp (0/4) Lair:4        Snake (0/4) Lair:3        Slime (0/5) Lair:5
    Orc (0/2) D:10

Altars:
Cheibriados
Elyvilon
Makhleb
Nemelex Xobeh
Okawaru
Wu Jian
Zin
Jiyva

Shops:
D:9 =


Message History

The 12-headed hydra is severely wounded.
You slice the hell hound!!
You kill the hell hound!
Beogh accepts your kill.
You hit the hell hound.
You hear an angry growl. x2
The hell hound barely misses you. The 12-headed hydra bites you!
* * * LOW HITPOINT WARNING * * *
The 12-headed hydra bites you.
* * * LOW HITPOINT WARNING * * *
The 12-headed hydra bites you.
* * * LOW HITPOINT WARNING * * *
The 12-headed hydra barely misses you. x2; The 12-headed hydra bites you!
* * * LOW HITPOINT WARNING * * *
The 12-headed hydra bites you.
* * * LOW HITPOINT WARNING * * *
The 12-headed hydra bites you.
* * * LOW HITPOINT WARNING * * *
The 12-headed hydra bites you!
You die...

.......# ...P...#### ##
.....P#...######## #P# .
.....#.....#.#.#.##P# ...
....#............#.# ...#
...###....#††......#h.hh.
.#.# #####.#...#hhh.#
#### #######†D###
#.##@o## ..#.#.h...#
.......o.### ........##
#...#.### ##. ## #


You could see a 12-headed hydra, a hell hound, 4 black bears, a friendly orc
knight and the friendly Jorge the orc knight.

Vanquished Creatures
  2 fire dragons
  A two-headed ogre (D:8)
  A lindwurm (Lair:6)
  2 elephants
  2 spiny frogs (Lair:3)
  2 black mambas
  3 torpor snails
  4 komodo dragons
  A tyrant leech (Lair:6)
  3 blink frogs
  5 hippogriffs
  Sigmund (D:5)
  A spriggan (D:7)
  7 yaks
  A wyvern (D:9)
  2 hungry ghosts
  Edmund (D:4)
  A warg (Lair:6)
  A hell hound (Lair:6)
  4 water moccasins
  7 porcupines
  5 orc warriors
  4 sky beasts
  4 black bears
  3 phantoms
  An ice beast (D:6)
  A necrophage (D:6)
  5 ogres
  6 wolves
  A centaur (D:6)
  7 crocodiles
  Blork the orc (D:4)
  17 bullfrogs
  A troll zombie (D:10)
  2 scorpions
  13 killer bees
  A howler monkey (D:8)
  4 crimson imps
  A hound (D:9)
  A quasit (D:10)
  3 jellies
  11 orc wizards
  A centaur skeleton (D:4)
  4 orc priests
  2 bullfrog skeletons
  An iguana (D:9)
  5 worker ants
  3 ogre zombies (D:10)
  A howler monkey zombie (D:7)
  9 adders
  3 gnolls (D:7)
  10 oozes
  A worm (D:2)
  2 dart slugs
  4 leopard geckos
  19 orcs
  2 ball pythons
  8 bats
  2 giant cockroaches (D:1)
  7 goblins
  9 hobgoblins
  9 jackals
  11 kobolds
  5 quokkas
  9 frilled lizards
  2 hobgoblin skeletons (D:10)
  2 jackal zombies
  A leopard gecko skeleton (D:4)
  A leopard gecko zombie (D:8)
  3 orc skeletons (D:10)
  6 orc zombies (D:10)
  A quokka zombie (D:5)
  4 rats
  2 plants (Lair:6)
293 creatures vanquished.

Vanquished Creatures (collateral kills)
  Rupert (Lair:5)
  6 hydras
  A two-headed ogre (D:9)
  Sonja (Lair:3)
  Urug (Lair:3)
  A lindwurm (Lair:6)
  10 elephants
  3 torpor snails (Lair:6)
  4 black mambas
  9 spiny frogs
  2 rime drakes
  4 komodo dragons
  2 tyrant leeches (Lair:6)
  7 hornets (Lair:6)
  Prince Ribbit (Lair:1)
  14 blink frogs
  A hippogriff (Lair:2)
  21 yaks
  Grum (D:10)
  A basilisk (Lair:2)
  14 water moccasins
  3 hell hounds (Lair:6)
  2 porcupines
  A sky beast (D:9)
  2 phantoms (D:10)
  2 orc warriors (D:9)
  2 ogres
  A black bear (D:7)
  7 wolves
  A centaur (D:10)
  9 crocodiles
  6 bullfrogs
  A scorpion (D:9)
  3 killer bees
  A troll zombie (D:10)
  2 hounds
  A centaur zombie (D:10)
  An orc priest (D:9)
  2 orc wizards (D:7)
  A worker ant (D:7)
  3 ogre zombies (D:10)
  6 adders
  A shadow imp (D:7)
  2 orcs
  3 ball pythons (Lair:3)
  2 goblin skeletons (D:10)
  2 goblin zombies (D:10)
  2 hobgoblin zombies (D:10)
  2 orc skeletons (D:10)
  6 orc zombies (D:10)
  4 fungi
  12 plants
198 creatures vanquished.

Vanquished Creatures (others)
  An orc knight (Lair:6)
  An orc sorcerer (Lair:3)
  2 orc warriors
  3 orc priests
  A hornet (Lair:6)
  5 orc wizards
  A worm (D:4)
  22 orcs
  10 fungi
  12 plants
  6 toadstools (D:3)
64 creatures vanquished.

Grand Total: 555 creatures vanquished

Notes
Turn   | Place    | Note
-------+----------+-------------------------------------------
     0 | D:1      | manabove the Hill Orc Monk began the quest for the Orb.
     0 | D:1      | Reached XP level 1. HP: 19/19 MP: 1/1
   624 | D:1      | Reached XP level 2. HP: 27/27 MP: 2/2
   984 | D:1      | Reached skill level 5 in Axes
   984 | D:1      | Reached XP level 3. HP: 28/33 MP: 3/3
  1851 | D:2      | Reached XP level 4. HP: 41/41 MP: 4/4
  2854 | D:3      | Reached skill level 6 in Axes
  3708 | D:3      | Reached XP level 5. HP: 47/47 MP: 5/5
  3729 | D:3      | HP: 2/47 [acid (3)]
  3759 | D:4      | Reached skill level 5 in Fighting
  3777 | D:4      | Reached skill level 7 in Axes
  4043 | D:3      | Reached XP level 6. HP: 50/56 MP: 6/6
  4497 | D:4      | Became a worshipper of Beogh the Brigand
  4497 | D:4      | Reached * piety under Beogh
  4497 | D:4      | Reached ** piety under Beogh
  4579 | D:4      | Noticed Blork the orc
  4598 | D:4      | Reached skill level 8 in Axes
  4609 | D:4      | Killed Blork the orc
  4609 | D:4      | Reached XP level 7. HP: 62/63 MP: 7/7
  5056 | D:4      | Found a staircase to the Ecumenical Temple.
  5082 | D:4      | Reached skill level 9 in Axes
  5293 | D:4      | Got an encrusted ring mail
  5304 | D:4      | Identified the +5 ring mail of the Secret Spirits {rF+} (You found it on level 4 of the Dungeon)
  5361 | D:4      | Noticed Edmund
  5372 | D:4      | Killed Edmund
  5372 | D:4      | Reached skill level 10 in Axes
  5798 | D:4      | Reached XP level 8. HP: 73/73 MP: 8/8
  5941 | D:5      | Entered Level 5 of the Dungeon
  6247 | D:5      | Found an iron altar of Okawaru.
  6251 | D:5      | Noticed Sigmund
  6284 | D:5      | Killed Sigmund
  6284 | D:5      | Reached skill level 11 in Axes
  6439 | D:5      | Reached *** piety under Beogh
  6771 | D:5      | Reached skill level 1 in Invocations
  7409 | D:6      | Found a white marble altar of Elyvilon.
  7433 | D:6      | Reached skill level 12 in Axes
  7433 | D:6      | Reached XP level 9. HP: 69/81 MP: 11/11
  7469 | D:6      | Gained Gorm as an ally
  7733 | D:6      | Found a sparkling altar of Nemelex Xobeh.
  8162 | D:7      | Your ally Gorm died
  8184 | D:7      | Reached skill level 5 in Invocations
  8262 | D:7      | Reached skill level 13 in Axes
  8628 | D:7      | Found a glowing silver altar of Zin.
  8628 | D:7      | Found a burning altar of Makhleb.
  8633 | D:7      | Found a snail-covered altar of Cheibriados.
  8635 | D:7      | Found a white marble altar of Elyvilon.
  8636 | D:7      | Found an ornate altar of the Wu Jian Council.
  9691 | D:8      | Reached XP level 10. HP: 76/91 MP: 14/14
  9924 | D:8      | Reached skill level 14 in Axes
  9924 | D:8      | Reached skill level 1 in Armour
  9962 | D:8      | HP: 4/93 [poisoned by a killer bee]
  9967 | D:8      | HP: 2/93 [poisoned by a killer bee]
  9973 | D:8      | HP: 2/93 [poisoned by a killer bee]
  9981 | D:8      | HP: 2/93 [poisoned by a killer bee]
 10809 | D:8      | Reached skill level 10 in Fighting
 10916 | D:8      | Found a sparkling altar of Nemelex Xobeh.
 10974 | D:8      | Noticed a two-headed ogre
 10981 | D:8      | Killed a two-headed ogre
 10981 | D:8      | Reached **** piety under Beogh
 11703 | D:9      | Found Gijuig's Jewellery Shoppe.
 11717 | D:9      | Reached skill level 15 in Axes
 12396 | D:9      | Noticed a two-headed ogre
 12402 | D:9      | Killed a two-headed ogre
 12631 | D:9      | Reached XP level 11. HP: 96/101 MP: 15/15
 12727 | D:10     | Entered Level 10 of the Dungeon
 12784 | D:10     | Found a staircase to the Orcish Mines.
 12807 | D:10     | Reached ***** piety under Beogh
 12859 | D:10     | Reached skill level 5 in Armour
 12881 | D:10     | Gained Marbork as an ally
 12932 | D:10     | Found a staircase to the Lair.
 12938 | D:10     | Noticed Grum
 12946 | D:10     | Killed Grum
 12946 | D:10     | Gained Jorge as an ally
 12946 | D:10     | Reached skill level 16 in Axes
 13234 | Lair:1   | Entered Level 1 of the Lair of Beasts
 13860 | Lair:1   | Gained Bogdar as an ally
 13944 | Lair:1   | Noticed Prince Ribbit
 13954 | Lair:1   | Killed Prince Ribbit
 14438 | Lair:1   | Noticed an eight-headed hydra
 14444 | Lair:1   | Killed an eight-headed hydra
 15315 | Lair:2   | Reached skill level 17 in Axes
 15742 | Lair:2   | Noticed a fire dragon
 15753 | Lair:2   | Killed a fire dragon
 15753 | Lair:2   | Reached XP level 12. HP: 58/112 MP: 16/16
 16540 | Lair:3   | Noticed Sonja
 16545 | Lair:3   | Killed Sonja
 17042 | Lair:3   | Noticed Urug
 17054 | Lair:3   | Killed Urug
 17396 | Lair:3   | Your ally Bogdar died
 17712 | Lair:3   | Found a staircase to the Snake Pit.
 17722 | Lair:3   | Reached skill level 18 in Axes
 17813 | Lair:3   | Noticed a six-headed hydra
 17820 | Lair:3   | Killed a seven-headed hydra
 17877 | Lair:3   | Gained Rocco as an ally
 19217 | Lair:4   | Reached XP level 13. HP: 45/122 MP: 17/17
 19586 | Lair:4   | Reached skill level 19 in Axes
 19673 | Lair:4   | Found a staircase to the Swamp.
 19998 | Lair:5   | Noticed Rupert
 20008 | Lair:5   | Killed Rupert
 20015 | Lair:5   | Your ally Marbork died
 20022 | Lair:5   | Found a staircase to the Slime Pits.
 20023 | Lair:5   | Found a viscous altar of Jiyva.
 20640 | Lair:5   | Reached ****** piety under Beogh
 21280 | Lair:6   | Entered Level 6 of the Lair of Beasts
 21350 | Lair:6   | Reached skill level 10 in Armour
 21516 | Lair:6   | Reached skill level 20 in Axes
 21697 | Lair:6   | Found a runed door.
 21705 | Lair:6   | Noticed a fire dragon
 21712 | Lair:6   | Killed a fire dragon
 21778 | Lair:6   | Paralysed by a hornet for 1 turns
 21816 | Lair:6   | Your ally Rocco died
 21935 | Lair:6   | Paralysed by a hornet for 2 turns
 22376 | Lair:6   | HP: 3/124 [11-headed hydra (9)]
 22377 | Lair:6   | Slain by a 12-headed hydra

Vault maps used:
D:1:      onia_arrival_pentagram
D:3:      cheibrodos_fertilizer, minmay_strange_pillars
D:4:      lemuel_upstairs_altar, minmay_temple_entry_enclosed_plants,
          first_bread, uniq_blork_the_orc, uniq_edmund
D:5:      okawaru_ov_weapons_minmay, kennysheep_boxes, uniq_sigmund
D:6:      basic_altar, grunt_ministairs_11, nemelex_altar_shiori
D:7:      chequers_temple_overflow_minitemple, the_bakery
D:8:      nemelex_dance_club_becter
D:9:      serial_shops, shop
D:10:     david_lair_generic, zombieorc2_lemuel, uniq_grum
Lair:1:   minivault_25, uniq_prince_ribbit2
Lair:2:   dragon1_lemuel
Lair:3:   minmay_snake_entry_six_corridors, serial_bayou_shore_a,
          grunt_megastairs_1, uniq_sonja, uniq_urug
Lair:4:   minmay_swamp_entry_worms
Lair:5:   slime_altar_1, uniq_rupert
Lair:6:   wormcave, hangedman_lair_caniforms_friends, st_stairs_13,
          serial_bayou_shore_b, minmay_lair_oklob_chamber, serial_bayou_shore_b

Skill      XL: |  1  2  3  4  5  6  7  8  9 10 11 12 13 |
---------------+----------------------------------------+-----
Fighting       | 4 5 6 7 8 9 10 12 13 14 | 14.2
Axes           | 5 6 7 8 10 12 13 15 17 18 20 | 20.4
Invocations    | 3 6 |  6.0
Armour         | 4 7 9 10 | 10.7
Dodging        | |  2.4
Stealth        | |  1.5

Action                   |  1- 3 |  4- 6 |  7- 9 | 10-12 | 13-15 || total
-------------------------+-------+-------+-------+-------+-------++-------
Melee: Hand axe          |    88 |   111 |     3 |       |       ||   202
       War axe           |       |   104 |   341 |    71 |       ||   516
       Battleaxe         |       |       |       |   406 |   199 ||   605
Throw: Stone             |     8 |       |       |       |       ||     8
       Javelin           |     2 |     5 |       |       |       ||     7
Invok: Convert to Beogh  |       |     1 |       |       |       ||     1
       Smiting           |       |       |     2 |     1 |       ||     3
       Recall Orcish Fol |       |       |       |     4 |     3 ||     7
       Give Item to Name |       |       |       |     2 |       ||     2
 Abil: Evoke Berserk Rag |       |     2 |     1 |     3 |     1 ||     7
Evoke: Wand              |       |       |       |     1 |       ||     1
  Use: Scroll            |     4 |     1 |     6 |     9 |     2 ||    22
       Potion            |     1 |     1 |     5 |     7 |     1 ||    15
 Stab: Sleeping          |     3 |     1 |       |       |     2 ||     6
       Distracted        |       |       |     2 |     7 |     1 ||    10
       Paralysed         |       |       |       |     1 |       ||     1
  Eat: Chunk             |     3 |     5 |     9 |    10 |     3 ||    30
       Bread ration      |       |     1 |     2 |     6 |     3 ||    12
       Fruit             |       |     1 |       |       |       ||     1
Armor: Robe              |    11 |       |       |       |       ||    11
       Leather armour    |     4 |    13 |       |       |       ||    17
       Chain mail        |       |    84 |    21 |       |       ||   105
       Ring mail         |       |       |   162 |   228 |   118 ||   508
Dodge: Dodged            |    58 |    86 |   174 |   325 |   135 ||   778
